 Seeded DCSS version 0.30-a0-187-gd9c2deaf24 (webtiles) character file.

Game seed: 9256909020028690172 (custom seed)

66785 Iusername the Warrior (level 14, -8/148 HPs)
             Began as a Minotaur Fighter on Oct 3, 2022.
             Was an Initiate of Gozag.
             Mangled by an orc knight
             ... wielding a +3 broad axe of electrocution
              (29 damage)
             ... on level 2 of the Orcish Mines.
             The game lasted 00:32:50 (22706 turns).

Iusername the Warrior (Minotaur Fighter)           Turns: 22706, Time: 00:32:50

Health: -8/148     AC: 26    Str: 32    XL:     14   Next: 80%
Magic:  0/13       EV: 11    Int: 16    God:    Gozag
Gold:   5048       SH:  0    Dex: 11    Spells: 13/13 levels left

rFire   + . .      SeeInvis .    y - +10 battleaxe "Avonirud" {vorpal, Str+7}
rCold   + . .      Faith    .    (shield currently unavailable)
rNeg    . . .      Spirit   +    R - +2 plate armour {rPois}
rPois   +          Reflect  .    (helmet restricted)
rElec   .          Harm     .    c - +0 cloak
rCorr   .          Rampage  +    n - +2 pair of gloves of the Viny God {Rampage}
Will    +....                    g - +3 pair of mountain boots {steadfast, rC+}
Stlth   ..........               v - amulet of guardian spirit
HPRegen 0.44/turn                s - ring "Kebbepur" {rPois Int+4}
MPRegen 0.13/turn                Q - ring "Hoememed" {rF+ Int+7 Slay+4}

@: mighty, about to teleport, gold aura, invisible
A: horns 2, retaliatory headbutt, deformed body
a: Renounce Religion, Potion Petition, Call Merchant, Bribe Branch


You were on level 2 of the Orcish Mines.
You worshipped Gozag.
Gozag was greatly pleased with you.
You visited 4 branches of the dungeon, and saw 20 of its levels.

You collected 5636 gold pieces.
You spent 241 gold pieces at shops.
You paid 347 gold pieces to Gozag.

Inventory:

Hand Weapons
 x - the +6 short sword of Qiuvu {antimagic, rElec Int+2}
   (You took it off a centaur on level 7 of the Dungeon)

   It reduces the magical energy of the wielder, and disrupts the spells and
   magical abilities of those it strikes.
   Natural abilities and divine invocations are not affected.
   Int:       It affects your intelligence (+2).
   rElec:     It insulates you from electricity.
 y - the +10 battleaxe "Avonirud" (weapon) {vorpal, Str+7}
   (You bought it in a shop on level 7 of the Dungeon)

   It inflicts extra damage upon your enemies.
   Str:       It affects your strength (+7).
Missiles
 L - 8 javelins
Armour
 c - a +0 cloak (worn)
 g - the +3 pair of mountain boots (worn) {steadfast, rC+}
   (You acquired it on level 1 of the Dungeon)

   It prevents involuntary movement, except for blinking, teleportation, or
   banishment.
   rC:        It protects you from cold.
 n - the +2 pair of gloves of the Viny God (worn) {Rampage}
   (You found it on level 2 of the Dungeon)

   Rampage:   It bestows one free step when moving towards enemies.
 R - a +2 plate armour of poison resistance (worn)
Jewellery
 s - the ring "Kebbepur" (left hand) {rPois Int+4}
   (You acquired it on level 7 of the Dungeon)

   [ring of poison resistance]

   Int:       It affects your intelligence (+4).
   rPois:     It protects you from poison.
 v - an amulet of guardian spirit (around neck)
 B - a ring of flight
 M - an amulet of reflection
 Q - the ring "Hoememed" (right hand) {rF+ Int+7 Slay+4}
   (You found it on level 1 of the Lair of Beasts)

   [ring of slaying]

   Int:       It affects your intelligence (+7).
   Slay:      It affects your accuracy & damage with ranged weapons and melee
   (+4).
   rF:        It protects you from fire.
Wands
 k - a wand of roots (20)
 t - a wand of flame (68) (quivered)
 w - a wand of charming (15)
 z - a wand of polymorph (5)
 J - a wand of mindburst (5)
 O - a wand of digging (8)
Scrolls
 e - 7 scrolls of teleportation
 f - 7 scrolls of noise
 i - 4 scrolls of fog
 m - 5 scrolls of magic mapping
 r - 3 scrolls of summoning
 A - 3 scrolls of poison
 E - 6 scrolls of identify
 F - 2 scrolls of fear
 K - 4 scrolls of amnesia
 P - a scroll of brand weapon
Potions
 a - a potion of cancellation
 d - 3 potions of brilliance {unknown}
 h - 4 potions of flight
 j - 3 potions of curing
 l - 3 potions of lignification
 o - 4 potions of heal wounds
 q - 5 potions of attraction
 C - 3 potions of mutation {unknown}
 D - 2 potions of might
 H - 3 potions of resistance {unknown}
Miscellaneous
 p - a phantom mirror
 N - a piece from Xom's chessboard (15/15)


   Skills:
 + Level 20.2 Fighting
 - Level 10.0 Axes
 + Level 18.7 Armour
 + Level 5.7 Dodging
 + Level 5.0 Stealth
 + Level 7.8 Shields
 + Level 3.2 Evocations


You had 13 spell levels left.
You didn't know any spells.
Your spell library contained the following spells:

 Spells                   Type           Power      Damage    Failure   Level
 Apportation              Tloc           0%         N/A       71%         1
 Foxfire                  Conj/Fire      0%         2x1d4     71%         1
 Magic Dart               Conj           0%         1d3       71%         1
 Slow                     Hex            0%         N/A       71%         1
 Call Imp                 Summ           0%         N/A       83%         2
 Scorch                   Fire           0%         2d5       83%         2
 Confusing Touch          Hex            0%         N/A       97%         3
 Inner Flame              Hex/Fire       0%         N/A       97%         3
 Kindle Blastsparks       Fire/Tloc/Air  0%         2d10      97%         3
 Mephitic Cloud           Conj/Pois/Air  0%         N/A       97%         3
 Vampiric Draining        Necr           0%         2d6       97%         3
 Flame Wave               Conj/Fire      0%         2d4       100%        4
 Fulminant Prism          Conj/Hex       0%         3d6       100%        4
 Iskenderun's Mystic Bla  Conj/Tloc      0%         2d3       100%        4
 Sticky Flame             Conj/Fire      0%         2d3       100%        4
 Summon Lightning Spire   Summ/Air       0%         N/A       100%        4
 Alistair's Intoxication  Tmut/Pois      0%         N/A       100%        5
 Fireball                 Conj/Fire      0%         3d3       100%        5
 Freezing Cloud           Conj/Ice/Air   0%         6-21      100%        5
 Lee's Rapid Deconstruct  Erth           0%         3d5*      100%        5
 Starburst                Conj/Fire      0%         6d3       100%        6
 Polar Vortex             Ice            0%         N/A       100%        9
 Simulacrum               Ice/Necr       Unusable   N/A       N/A         6

Dungeon Overview and Level Annotations

Branches:
Dungeon (12/15)            Temple (1/1) D:5            Lair (5/5) D:8
 Shoals (0/4) Lair:3        Snake (0/4) Lair:2        Slime (0/5) Lair:5
    Orc (2/2) D:11            Elf (0/3) Orc:2

Altars:
Ashenzari
Cheibriados
Dithmenos
Elyvilon
Fedhas
Gozag
Hepliaklqana
Kikubaaqudgha
Makhleb
Nemelex Xobeh
Okawaru
Qazlal
Ru
Trog
Uskayaw
Wu Jian
Xom
Yredelemnul
The Shining One
Lugonu

Shops:
D:7 (   D:8 ?   D:9 (   Orc:2 (*

Portals:
Abyss: Lair:5

Annotations:
D:4 2 transporters, SirDiesAlot's ghost, amateur KoFE
Lair:2 exclusion: oklob plant
Lair:4 3 runed translucent doors, Irousen's ghost, journeyman MiFi


Innate Abilities, Weirdness & Mutations

You have a pair of horns on your head.
You reflexively headbutt those who attack you in melee.
Armour fits poorly on your strangely shaped body.


Message History

The orc high priest hits you with a +0 trident!
* * * LOW HITPOINT WARNING * * *
You cut the orc high priest into ribbons!!!
You kill the orc high priest!
The soul eater disappears in a puff of smoke!
You slice the orc knight!!
You kill the orc knight!
The orc warrior cheers loudly, as Orcs often do.
An orc priest comes into view. It is wielding a +0 short sword.
The orc sorcerer mumbles some strange words.
The orc warrior barely misses you. You furiously retaliate!
You headbutt the orc warrior.
The orc sorcerer mumbles some strange words.
The orc sorcerer glows brightly for a moment.
The orc knight hits you with a +3 broad axe of electrocution!
* * * LOW HITPOINT WARNING * * *
Your Stealth skill increases to level 5!
You feel much better.
The sun demon shouts!
The orc knight closely misses you.
As you read the scroll of fear, it crumbles to dust.
You assume a fearsome visage.
The sun demon looks frightened!
The orc warrior looks frightened!
The orc knight looks frightened!
The orc warrior looks frightened! x2; The orc sorcerer looks frightened!
The orc wizard looks frightened!
The orc priest looks frightened! x2
The orc knight shouts!
The orc knight is distracted by your dazzling golden aura.
The orc knight is no longer distracted by gold.
The orc knight shouts!
The orc wizard is distracted by your dazzling golden aura.
The orc knight seems to regain its courage.
The orc wizard is no longer distracted by gold.
The orc knight hits you with a +3 broad axe of electrocution!
* * * LOW HITPOINT WARNING * * *
As you read the scroll of teleportation, it crumbles to dust.
You feel strangely unstable.
An orc warrior comes into view. It is wielding a +0 short sword.
The orc knight hits you with a +3 broad axe of electrocution!!
You die...
Your body crumbles into a pile of gold.

.# ## ### ### ##.##
###### #.#### ##...#
##.o$$# .....####.#.##
##..##$....#
......##.....# #..##
...o3o#
......#...#.####o##
o##.#o∩
.#.....#.....##.@# ## #
. ............###.##
.#.....#....# #.#
###.........###.#
#............##o#####..
.......................
.............##.#####..
............###.#
............###.#


You could see an orc knight (strong, unable to see you), an orc sorcerer
(strong) and an orc warrior (wandering, unable to see you).

Vanquished Creatures
  Rupert (Orc:2)
  Kirke (Lair:5)
  2 hydras (Lair:5)
  3 catoblepae
  3 two-headed ogres
  A boulder beetle (D:7)
  2 orc high priests (Orc:2)
  2 thrashing horrors (Lair:5)
  5 death yaks (Lair:2)
  A harpy (shapeshifter) (Lair:5)
  Pikel (D:6)
  A lindwurm (Lair:5)
  6 orc knights (Orc:2)
  2 cyclopes
  3 ugly things (Lair:5)
  3 orc sorcerers
  3 manticores
  9 elephants
  3 black mambas
  Maggie (D:7)
  Joseph (D:7)
  A smoke demon (Lair:5)
  A black mamba (shapeshifter) (Lair:5)
  2 gargoyles
  A torpor snail (Lair:3)
  19 cane toads
  An unseen horror (D:11)
  4 rime drakes
  8 komodo dragons
  2 unseen horror zombies (D:8)
  An ancient zyme (Lair:5)
  4 polar bears
  9 trolls
  2 hornets
  A tarantella (shapeshifter) (Lair:5)
  17 blink frogs
  A raiju (shapeshifter) (Lair:5)
  Sigmund (D:3)
  10 dream sheep
  A spriggan (Lair:5)
  2 shadows
  55 yaks
  A vampire (D:11)
  A ynoxinul (Lair:5)
  3 hogs (Lair:5)
  3 steam dragons
  5 basilisks
  A wyvern (Lair:4)
  3 vampire mosquitoes (D:12)
  A chaos spawn (Lair:5)
  2 nagas (Lair:2)
  2 wargs (Orc:2)
  An acid dragon (D:9)
  12 water moccasins
  11 small abominations (Lair:5)
  Duvessa (D:5)
  2 ice beasts (D:8)
  A sky beast (D:6)
  2 black bears
  12 orc warriors
  2 ogres
  16 wolves
  6 centaurs
  2 lemures (D:6)
  A phantom (D:6)
  17 bullfrogs
  A wyvern zombie (D:8)
  4 scorpions
  A necrophage (D:5)
  21 wights
  Dowan (D:5)
  2 howler monkeys
  2 electric eels
  2 centaur zombies (D:8)
  3 jellies (D:6)
  2 hounds
  10 orc priests
  Jessica (D:2)
  Natasha (thrice) (D:2)
  7 iguanas
  16 orc wizards
  6 hell rats
  A killer bee zombie (D:8)
  2 howler monkey zombies (D:8)
  Robin (D:2)
  11 adders
  6 river rats (Lair:4)
  2 shadow imps
  2 white imps
  2 ufetubi
  2 worms (D:2)
  51 orcs
  7 endoplasms
  5 giant cockroaches
  14 goblins
  12 hobgoblins
  4 jackals
  3 quokkas
  6 ball pythons
  2 bats
  A frilled lizard (D:3)
  8 kobolds
  4 rats
533 creatures vanquished.

Vanquished Creatures (others)
  3 humans (Lair:5)
  A wyvern (Lair:5)
  A bullfrog (Lair:2)
  17 fungi
  26 plants
  2 withered plants (D:8)
50 creatures vanquished.

Grand Total: 583 creatures vanquished

Notes
Turn   | Place    | Note
-------+----------+-------------------------------------------
     0 | D:1      | Iusername the Minotaur Fighter began the quest for the Orb.
     0 | D:1      | Reached XP level 1. HP: 19/19 MP: 0/0
   387 | D:1      | Reached XP level 2. HP: 27/27 MP: 1/1
   457 | D:1      | Identified a scroll of acquirement
   457 | D:1      | Acquired the +3 pair of mountain boots {steadfast, rC+}
   457 | D:1      | Found the +3 pair of mountain boots {steadfast, rC+}
   891 | D:2      | Noticed Jessica
   896 | D:2      | Killed Jessica
   897 | D:2      | Reached skill level 4 in Fighting
   897 | D:2      | Reached XP level 3. HP: 17/33 MP: 2/2
  1114 | D:2      | Noticed Natasha
  1117 | D:2      | Noticed Robin
  1129 | D:2      | Killed Natasha
  1130 | D:2      | Reached skill level 1 in Stealth
  1130 | D:2      | Reached XP level 4. HP: 19/40 MP: 3/3
  1144 | D:2      | Killed Robin
  1374 | D:2      | Noticed Natasha
  1385 | D:2      | Killed Natasha
  1386 | D:2      | Reached XP level 5. HP: 22/46 MP: 4/4
  1474 | D:2      | Noticed Natasha
  1481 | D:2      | Killed Natasha
  1482 | D:2      | Reached skill level 1 in Dodging
  1554 | D:2      | Found a faded altar of an unknown god.
  1714 | D:2      | Identified the +2 pair of gloves of the Viny God {Rampage}
  2710 | D:3      | Noticed Sigmund
  2718 | D:3      | Killed Sigmund
  2719 | D:3      | Reached skill level 5 in Axes
  2719 | D:3      | Reached skill level 5 in Armour
  2719 | D:3      | Reached XP level 6. HP: 44/53 MP: 5/5
  3033 | D:4      | Found an ancient bone altar of Kikubaaqudgha.
  3041 | D:4      | Found a bloodstained altar of Trog.
  3063 | D:4      | Found a transporter.
  3066 | D:4      | Noticed SirDiesAlot's ghost (amateur KoFE)
  3216 | D:4      | Reached XP level 7. HP: 60/60 MP: 6/6
  3365 | D:4      | Found a transporter.
  3424 | D:4      | Reached skill level 5 in Shields
  3971 | D:5      | Entered Level 5 of the Dungeon
  3990 | D:5      | Noticed Duvessa
  3995 | D:5      | Noticed Dowan
  3997 | D:5      | Killed Duvessa
  3998 | D:5      | Reached skill level 5 in Fighting
  4002 | D:5      | Killed Dowan
  4090 | D:5      | Noticed a hornet
  4098 | D:5      | Killed a hornet
  4099 | D:5      | Reached XP level 8. HP: 49/68 MP: 7/7
  4206 | D:5      | Found a staircase to the Ecumenical Temple.
  4274 | Temple   | Entered the Ecumenical Temple
  4587 | Temple   | Became a worshipper of Gozag Ym Sagoz the Greedy
  4699 | D:5      | Found the +3 woodcutter's axe {vorpal}
  5136 | D:6      | Noticed Pikel
  5153 | D:6      | Killed Pikel
  5154 | D:6      | Reached skill level 6 in Fighting
  5154 | D:6      | Reached XP level 9. HP: 67/75 MP: 8/8
  5368 | D:6      | Noticed a two-headed ogre
  5368 | D:6      | Noticed a troll
  5377 | D:6      | Killed a two-headed ogre
  5377 | D:6      | Killed a troll
  5378 | D:6      | Reached skill level 7 in Fighting
  5378 | D:6      | Reached skill level 10 in Axes
  6278 | D:6      | Reached skill level 8 in Fighting
  6550 | D:6      | Reached XP level 10. HP: 86/90 MP: 9/9
  6713 | D:7      | Noticed Maggie
  6717 | D:7      | Killed Maggie
  6783 | D:7      | Found Jimuj's Antique Weapon Shoppe.
  6792 | D:7      | Bought a fading battleaxe for 241 gold pieces
  6792 | D:7      | Identified the +10 battleaxe "Avonirud" {vorpal, Str+7}
                  | (You bought it in a shop on level 7 of the Dungeon)
  6794 | D:7      | Acquired the ring "Kebbepur" {rPois Int+4}
  6875 | D:7      | Noticed Joseph
  6879 | D:7      | Noticed a boulder beetle
  6884 | D:7      | Killed Joseph
  6885 | D:7      | Reached skill level 9 in Fighting
  6898 | D:7      | Killed a boulder beetle
  6899 | D:7      | Reached skill level 10 in Armour
  6943 | D:7      | Identified the +6 short sword of Qiuvu {antimagic, rElec
                  | Int+2}
  7895 | D:8      | Reached skill level 10 in Fighting
  8269 | D:8      | Found Qummorph's Magic Scroll Shop.
  8305 | D:8      | Found a staircase to the Lair.
  9013 | D:9      | Reached XP level 11. HP: 101/101 MP: 10/10
  9107 | D:9      | Reached skill level 11 in Fighting
  9145 | D:9      | Noticed a two-headed ogre
  9155 | D:9      | Killed a two-headed ogre
  9407 | D:9      | Found Qemn's Weapon Emporium.
  9914 | D:10     | Entered Level 10 of the Dungeon
  9930 | D:10     | Noticed a two-headed ogre
  9937 | D:10     | Killed a two-headed ogre
  9943 | D:10     | Reached skill level 12 in Fighting
 11101 | D:11     | Reached skill level 13 in Fighting
 11491 | D:11     | Found a staircase to the Orcish Mines.
 11770 | D:11     | Got Sif Muna's Handbook of the Gusty Inferno
 12103 | D:12     | Reached XP level 12. HP: 100/115 MP: 11/11
 13183 | D:12     | Reached skill level 1 in Evocations
 13602 | D:12     | Reached skill level 14 in Fighting
 14482 | Lair:1   | Entered Level 1 of the Lair of Beasts
 14663 | Lair:1   | Reached skill level 15 in Fighting
 14745 | Lair:1   | Reached skill level 15 in Armour
 15012 | Lair:1   | Identified the ring "Hoememed" {rF+ Int+7 Slay+4}
 15557 | Lair:2   | Reached skill level 5 in Dodging
 15750 | Lair:2   | Found a staircase to the Snake Pit.
 15901 | Lair:2   | Noticed a death yak
 15901 | Lair:2   | Noticed a death yak
 15901 | Lair:2   | Noticed a death yak
 15901 | Lair:2   | Noticed a death yak
 15902 | Lair:2   | Noticed a death yak
 15907 | Lair:2   | Killed a death yak
 15910 | Lair:2   | Killed a death yak
 15911 | Lair:2   | Killed a death yak
 15911 | Lair:2   | Killed a death yak
 15912 | Lair:2   | Reached skill level 16 in Fighting
 15912 | Lair:2   | Reached XP level 13. HP: 101/128 MP: 8/12
 16903 | Lair:3   | Found a staircase to the Shoals.
 17314 | Lair:3   | Reached skill level 17 in Fighting
 18327 | Lair:4   | Noticed Irousen's ghost (journeyman MiFi)
 18355 | Lair:4   | Found a runed translucent gate.
 18355 | Lair:4   | Found a runed translucent gate.
 18355 | Lair:4   | Found a runed translucent gate.
 18725 | Lair:5   | Entered Level 5 of the Lair of Beasts
 19059 | Lair:5   | Reached skill level 18 in Fighting
 19263 | Lair:5   | Found a staircase to the Slime Pits.
 19581 | Lair:5   | Reached XP level 14. HP: 127/144 MP: 11/13
 19708 | Lair:5   | Noticed Kirke
 19712 | Lair:5   | Noticed a sphinx
 19724 | Lair:5   | Killed Kirke
 20015 | Lair:5   | Reached skill level 19 in Fighting
 20259 | Lair:5   | Found a corrupted altar of Lugonu.
 20259 | Lair:5   | Found a one-way gate to the infinite horrors of the Abyss.
 21191 | Orc:1    | Entered Level 1 of the Orcish Mines
 21318 | Orc:2    | Entered Level 2 of the Orcish Mines
 21550 | Orc:2    | Found Vuesk's General Store.
 21595 | Orc:2    | Found a staircase to the Elven Halls.
 21762 | Orc:2    | Noticed Rupert
 21772 | Orc:2    | HP: 7/147 [Rupert/+2 great mace of protection (9)]
 21780 | Orc:2    | Killed Rupert
 21781 | Orc:2    | Reached skill level 20 in Fighting
 22664 | Orc:2    | Found Daakhluf's Weapon Shoppe.
 22667 | Orc:2    | Gained mutation: Armour fits poorly on your strangely
                  | shaped body. [a neqoxec]
 22695 | Orc:2    | HP: 2/148 [orc knight/+3 broad axe of electrocution (10)]
 22696 | Orc:2    | Reached skill level 5 in Stealth
 22706 | Orc:2    | Mangled by an orc knight

Illustrated notes

Levels and vault maps discovered:
D:1:      dpeg_cavernosity, layout_loops_cross
D:2:      layout_basic, shapermc_ecumenical_altar_gd, uniq_robin, uniq_jessica,
          uniq_natasha
D:3:      layout_loops_ring, uniq_sigmund
D:4:      layout_basic, amethyst_overflow_temple_binary,
          gammafunk_ghost_stat_death
D:5:      layout_rooms, minmay_temple_entry_hall, minmay_checkerbox,
          uniq_duvessa
D:6:      minmay_spotlight, layout_basic, hangedman_minor_gate_pass, uniq_pikel
D:7:      layout_basic, serial_shops, nicolae_shop_advertising_works
          [nicolae_subvault_shop_adworks], kennysheep_cross_bottleneck,
          uniq_maggie, uniq_joseph
D:8:      layout_basic, lair_entry_dummy, serial_undead, serial_undead_e,
          serial_undead_c, serial_undead_d, serial_undead_b, serial_undead_f,
          serial_shops, nicolae_inconvenience_store, small_statue_intersection
D:9:      layout_loops_ring, serial_shops, nicolae_shop_bloodbath_and_beyond,
          lemuel_flame_loot_1
D:10:     layout_gridville
D:11:     layout_basic, david_orc_2
D:12:     layout_grid_maze
Temple:   mainiacjoe_temple_big_plus
Lair:1:   layout_regular_city, gauntlet_entry_generic, grunt_megastairs_4
Lair:2:   minmay_lair_oklob_chamber, layout_layer_cave,
          guppyfry_snake_entry_island
Lair:3:   layout_chaotic_city, elwin_shoals_entry_rooms, beast_lair_carwin_3
Lair:4:   layout_gridlike, gammafunk_ghost_icy, kennysheep_rathole
Lair:5:   hellmonk_lair_end_abyssal_woods, layout_cave_pods, slime_entry_1,
          lemuel_fruit_tree, uniq_kirke
Orc:1:    layout_diamond_mine
Orc:2:    st_orc_elflike, layout_diamond_mine, serial_shops, nicolae_shop_stone,
          uniq_rupert

Skill      XL: |  1  2  3  4  5  6  7  8  9 10 11 12 13 14 |
---------------+-------------------------------------------+-----
Shields        | 4 5 6 7 |  7.8
Armour         | 4 5 6 7 9 11 14 15 17 18 | 18.7
Fighting       | 4 5 6 8 10 13 16 18 20 | 20.2
Axes           | 3 4 5 6 8 9 10 | 10.0
Stealth        | 1 2 3 4 5 |  5.0
Dodging        | 1 2 4 5 |  5.7
Evocations     | 3 |  3.2

Action                   |  1- 3 |  4- 6 |  7- 9 | 10-12 | 13-15 || total
-------------------------+-------+-------+-------+-------+-------++-------
Melee: War axe           |    42 |   132 |    86 |       |       ||   260
       Headbutt          |     4 |    24 |    39 |    60 |    71 ||   198
       Battleaxe         |       |       |   103 |   327 |   364 ||   794
Invok: Potion Petition   |       |       |       |       |     1 ||     1
Evoke: Wand              |       |       |       |    17 |     4 ||    21
  Use: Scroll            |     1 |       |     8 |    16 |     4 ||    29
       Potion            |     1 |       |     2 |       |     8 ||    11
 Stab: Distracted        |       |       |       |     1 |     6 ||     7
       Petrified         |       |       |       |       |     2 ||     2
       Invisible         |       |       |       |       |     2 ||     2
Armor: Scale mail        |    16 |    68 |    58 |       |       ||   142
       Plate armour      |       |       |    19 |   272 |   246 ||   537
Dodge: Dodged            |    16 |    39 |    58 |   172 |   169 ||   454
Block: Buckler           |     9 |     7 |       |       |       ||    16
       Kite shield       |       |    23 |    36 |       |       ||    59

Table legend: (Time is in decaauts)
 A = Elapsed time spent in this place.
 B = Non-inter-level travel time spent in this place.
 C = Inter-level travel time spent in this place.
 D = Time resting spent in this place.
 E = Time spent auto-exploring this place.
 F = Levels seen in this place.
 G = Mean time per level.
                   A        B        C        D        E       F      G
               +--------+--------+--------+--------+--------+-----+--------+
         Total |  22971 |  22047 |    924 |   3783 |  15189 |  20 | 1148.6 |
       Dungeon |  14393 |  13805 |    588 |   3037 |   8965 |  12 | 1199.4 |
        Temple |    373 |    334 |     39 |      0 |    277 |   1 |  373.0 |
          Lair |   6687 |   6399 |    288 |    171 |   5173 |   5 | 1337.4 |
  Orcish Mines |   1517 |   1508 |      9 |    575 |    773 |   2 |  758.5 |
               +--------+--------+--------+--------+--------+-----+--------+

Top non-repeatable levels by time:
    D:12: 2404 daAuts
  Lair:5: 2269 daAuts
     D:6: 1701 daAuts
  Lair:2: 1550 daAuts
   Orc:2: 1388 daAuts
     D:2: 1380 daAuts
  Lair:3: 1217 daAuts
     D:8: 1209 daAuts
     D:7: 1197 daAuts
    D:10: 1138 daAuts
     D:4: 1076 daAuts
    D:11: 1061 daAuts
     D:9: 1010 daAuts
  Lair:1: 901 daAuts
     D:1: 886 daAuts
